 Dungeon Crawl Stone Soup version 0.18-a0-1551-g40744a8 (webtiles) character file.

242 mrath the Magician (level 5, -9/38 HPs)
             Began as a Draconian Earth Elementalist on Mar 11, 2016.
             Killed by divine providence
             ... invoked by an orc priest
              (13 damage)
             ... on level 4 of the Dungeon on Mar 12, 2016.
             The game lasted 00:30:08 (4640 turns).

mrath the Magician (Draconian Earth Elementalist)   Turns: 4640, Time: 00:30:08

Health: -9/38      AC:  5    Str: 10    XL:     5   Next: 82%
Magic:  18/20      EV: 12    Int: 16    God:
Gold:   239        SH:  0    Dex: 12    Spells: 2 memorised, 8 levels left

rFire  . . .     SeeInvis .     a - 62 stones
rCold  . . .     Gourm    .     (armour unavailable)
rNeg   . . .     Faith    .     (no shield)
rPois  .         Spirit   .     (helmet restricted)
rElec  .         Dismiss  .     (no cloak)
rCorr  .         Reflect  .     (no gloves)
SustAt .         Harm     .     (no boots)
MR     .....                    (no amulet)
Stlth  ++........               (no ring)
                                v - ring of magical power

@: not resistant to hostile enchantments, unstealthy
A: unfitting armour, cold-blooded, AC +5
a: no special abilities


You were on level 4 of the Dungeon.
You were not hungry.

You visited 1 branch of the dungeon, and saw 6 of its levels.

You collected 239 gold pieces.

Inventory:

Hand Weapons
 f - a +2 dagger of draining
 l - a +0 whip
 s - a +0 spear
Missiles
 a - 62 stones (in hand)
 h - 44 sling bullets
 j - 15 tomahawks (quivered)
 t - 11 poisoned needles
Jewellery
 v - a ring of magical power (left hand)
Scrolls
 e - 4 scrolls of identify {unknown}
 i - 4 scrolls of remove curse {unknown}
 k - a scroll of teleportation {unknown}
 q - a scroll of random uselessness {unknown}
 u - a scroll of noise {unknown}
 x - a scroll of enchant weapon {unknown}
 y - a scroll of amnesia {unknown}
Potions
 d - a potion of brilliance {unknown}
 o - 3 potions of curing {unknown}
 w - a potion of might {unknown}
 A - a potion of agility {unknown}
Books
 b - a book of Geomancy

   Spells                             Type                      Level
   a - Sandblast                      Earth                        1
   b - Passwall                       Transmutation/Earth          2
   c - Stone Arrow                    Conjuration/Earth            3
   d - Petrify                        Transmutation/Earth          4
   e - Lee's Rapid Deconstruction     Earth                        5
Comestibles
 c - 2 bread rations
 g - 2 slices of pizza
 m - 7 fruits
 n - 2 beef jerkies
 p - 4 meat rations
 r - 2 royal jellies
 z - 3 chunks of flesh


   Skills:
 - Level 1.7 Dodging
 - Level 1.7 Stealth
 * Level 4.4 Spellcasting
 + Level 1.6 Conjurations
   Level 1.0 Transmutations
 + Level 4.4 Earth Magic


You had 8 spell levels left.
You knew the following spells:

 Your Spells              Type           Power        Failure   Level  Hunger
a - Sandblast             Erth           ###...       2%          1    None
b - Stone Arrow           Conj/Erth      ##....       14%         3    ###....


Dungeon Overview and Level Annotations

Branches:
Dungeon (6/15)
 Temple: D:4-7

Altars:
Ashenzari
Fedhas
Okawaru
The Shining One


Innate Abilities, Weirdness & Mutations

Your plain brown scales are hard (AC +5).
Your body does not fit into most forms of armour.
You are cold-blooded and may be slowed by cold attacks.


Message History

The orc hits you with a falchion!
You feel less confused.
The orc priest mumbles some strange prayers to Beogh against you.
Beogh smites you!
* * * LOW HITPOINT WARNING * * *
Drink which item? (? for menu, Esc to quit)
Okay, then.
The orc priest barely misses you.
An orc wizard comes into view. It is wielding a dagger.
The orc priest miscasts a cantrip.
Casting: Sandblast
Confirm with . or Enter, or press ? or * to list all spells.
Aiming: Sandblast
Press: ? - help, Shift-Dir - straight line, f - orc priest
Aim: an orc priest, carrying a wand of hasting {zapped: 1} (fast)
The rocky blast hits the orc priest.
The orc priest is severely wounded.
The orc priest invokes the aid of Beogh against you.
Beogh smites you!
You die...

#.##.###.# #.#.#
#.#..o##.### #.#.#
#...#......#######.#.#
###...##.#.........#.###
##{###.###########....
#o# #.###########(..#
#.# #................
#o###................
#..o@.###############
####### # #


You could see an orc priest and an orc.

Vanquished Creatures
  An orc priest (D:4)
  2 worker ants
  8 adders
  An ooze (D:2)
  3 worms
  2 dart slugs
  2 giant geckos
  3 orcs
  5 giant cockroaches
  6 goblins
  6 hobgoblins
  6 jackals (D:4)
  7 kobolds
  A quokka (D:4)
  9 bats
  8 giant newts
  5 rats
75 creatures vanquished.

Notes
Turn   | Place    | Note
--------------------------------------------------------------
     0 | D:1      | mrath the Draconian Earth Elementalist began the quest for the Orb.
     0 | D:1      | Reached XP level 1. HP: 14/14 MP: 3/3
    90 | D:1      | Found a shattered altar of Ashenzari.
   343 | D:1      | Reached XP level 2. HP: 20/20 MP: 1/5
  1176 | D:2      | Reached XP level 3. HP: 18/26 MP: 0/7
  1770 | D:2      | Reached XP level 4. HP: 33/33 MP: 3/8
  1778 | D:2      | Learned a level 3 spell: Stone Arrow
  2156 | D:2      | Found an iron altar of Okawaru.
  2165 | D:2      | Found a glowing golden altar of the Shining One.
  2168 | D:2      | Found a blossoming altar of Fedhas.
  3164 | D:3      | Reached XP level 5. HP: 38/38 MP: 8/10
  3671 | D:3      | Reached skill level 1 in Conjurations
  4338 | D:4      | You fall through a shaft for 2 floors!
  4338 | D:6      | Noticed an ogre
  4341 | D:5      | Entered Level 5 of the Dungeon
  4356 | D:5      | Found a blossoming altar of Fedhas.
  4640 | D:4      | Killed from afar by an orc priest

Vault maps used:
D:1:      minmay_arrival_wavy_path, grunt_decor_resistance,
          nicolae_ashenzari_panopticon
D:2:      grunt_temple_overflow_diamond, first_bread
D:4:      marbit_many_paths
D:5:      lemuel_coloured_pillars_altar, fiery_altar_vehumet, fedhas_altar_3
D:6:      kennysheep_kobold_camp, lemuel_doored_altar,
          minmay_temple_entry_glassed_door, serial_shops, nicolae_shop_trees,
          nicolae_shop_behind_doors, nicolae_shop_crystal, shop, shop,
          kb_rosetta

Skill      XL: |  1  2  3  4  5 |
---------------+----------------+-----
Spellcasting   | 3 4 |  4.4
Earth Magic    | 4 |  4.4
Conjurations   | 1 |  1.6
Dodging        | |  1.7
Stealth        | |  1.7
Transmutations | |  1.0

Action                   |  1- 3 |  4- 6 || total
-------------------------+-------+-------++-------
Melee: Whip              |     2 |     9 ||    11
 Cast: Sandblast         |    63 |   128 ||   191
  Eat: Chunk             |     3 |     9 ||    12
